 Dungeon Crawl Stone Soup version 0.17.0-23-g0de4337 (console) character file.

102 gw the Charmwright (level 4, -2/30 HPs)
             Began as a High Elf Skald on Nov 14, 2015.
             Slain by a gnoll
             ... wielding a +0 flail
              (4 damage)
             ... on level 4 of the Dungeon.
             The game lasted 00:04:08 (2308 turns).

gw the Charmwright (High Elf Skald)                 Turns: 2308, Time: 00:04:08

Health: -2/30      AC:  4    Str: 11    XL:     4   Next: 50%
Magic:  0/10       EV: 12    Int: 16    God:
Gold:   117        SH:  0    Dex: 15    Spells: 4 memorised, 2 levels left

rFire  . . .     SeeInvis .     a - +0 falchion
rCold  . . .     Clarity  .     b - +0 leather armour
rNeg   . . .     SustAt   .     (no shield)
rPois  .         Gourm    .     (no helmet)
rElec  .         Spirit   .     (no cloak)
rCorr  .         Warding  .     (no gloves)
rMut   .         Stasis   .     j - +0 pair of boots
MR     .....                    (no amulet)
Stlth  +.........               (no ring)
                                (no ring)

@: infused, singing (expiring), not resistant to hostile enchantments, very
unstealthy
A: no striking features
a: Stop Singing


You were on level 4 of the Dungeon.
You were very hungry.

You visited 1 branch of the dungeon, and saw 3 of its levels.

You collected 117 gold pieces.

Inventory:

Hand Weapons
 a - a +0 falchion (weapon)
Missiles
 l - 9 arrows
Armour
 b - a +0 leather armour (worn)
 j - a +0 pair of boots (worn)
Scrolls
 e - a scroll of identify
 f - 3 scrolls of immolation
 g - 2 scrolls of blinking
 i - 2 scrolls of recharging
Potions
 k - a potion of cure mutation {unknown}
Books
 c - a book of Battle

   Spells                             Type                      Level
   a - Infusion                       Charms                       1
   b - Shroud of Golubria             Charms/Translocation         2
   c - Song of Slaying                Charms                       2
   d - Spectral Weapon                Hexes/Charms                 3
   e - Regeneration                   Charms/Necromancy            3
Comestibles
 d - 4 bread rations
 h - 4 fruits
 m - a meat ration


   Skills:
 + Level 2.7 Fighting
 + Level 3.3 Long Blades
 - Level 0.8 Armour
 + Level 2.1 Dodging
 * Level 3.6 Spellcasting
 + Level 3.9 Charms


You had 2 spell levels left.
You knew the following spells:

 Your Spells              Type           Power        Failure   Level  Hunger
a - Infusion              Chrm           ###...       6%          1    None
b - Shroud of Golubria    Chrm/Tloc      #.........   17%         2    ##.....
c - Song of Slaying       Chrm           ###.....     10%         2    ##.....
d - Spectral Weapon       Hex/Chrm       #.......     34%         3    ###....


Dungeon Overview and Level Annotations

Branches:
Dungeon (4/15)             Temple (0/1) D:4

Altars:


Message History

You don't have any such object.
Eat which item? (? for menu, Esc to quit)
You can't eat that!
ATTACK MOVE TO (0,1)
You hit the gnoll shaman.
You kill the gnoll shaman!
Your song is almost over.
Your spectral weapon fades away.
ATTACK MOVE TO (0,1)
You barely miss the gnoll. The gnoll barely misses you.
The gnoll closely misses you.
ATTACK MOVE TO (0,1)
You hit the gnoll.
The gnoll is lightly wounded.
The gnoll misses you.
ATTACK MOVE TO (0,1)
You hit the gnoll.
The gnoll is moderately wounded.
The gnoll hits you with a flail! The gnoll hits you with a flail.
You die...

.........#........#..#
.........#.###....#..##
...####### #..........#
........# #.#..####.##
#######.# #.##.# #.# #
#.## #.# #..# #.# ##.#
#.# #e# #.# #g# #.# #g#
#.#


.gg ##. .. .. #.# You could see 4 gnolls.

Table legend:
 A = Turns spent in this place as a percentage of turns spent in the entire game.
 B = Non-inter-level travel turns spent in this place as a percentage of non-inter-level travel turns spent in the entire game.
 C = Inter-level travel turns spent in this place as a percentage of turns spent in this place.
 D = Turns resting spent in this place as a percentage of non-inter-level travel turns spent in this place.
 E = Turns spent auto-exploring this place as a percentage of non-inter-level travel turns spent in this place.
 F = Non-inter-level travel turns spent in this place divided by the number of levels of this place that you've seen.
                   A       B       C       D       E      F
               +-------+-------+-------+-------+-------+----------------------
         Total | 100.0 | 100.0 |  15.7 |   2.4 |   2.1 | 1152.3
       Dungeon | 100.0 | 100.0 |  15.7 |   2.4 |   2.1 | 1152.3
               +-------+-------+-------+-------+-------+----------------------

Table legend:
 A = Kills in this place as a percentage of kills in entire the game.
 B = Kills by you in this place as a percentage of kills by you in the entire game.
 C = Kills by friends in this place as a percentage of kills by friends in the entire game.
 D = Other kills in this place as a percentage of other kills in the entire game.
 E = Experience gained in this place as a percentage of experience gained in the entire game.
 F = Experience gained in this place divided by the number of levels of this place that you have seen.
                   A       B       C       D       E      F
               +-------+-------+-------+-------+-------+----------------------
         Total | 100.0 | 100.0 |  -nan |  -nan | 100.0 |  49.0
       Dungeon | 100.0 | 100.0 |  -nan |  -nan | 100.0 |  49.0
               +-------+-------+-------+-------+-------+----------------------

Vanquished Creatures
  A gnoll shaman (D:4)
  A giant frog skeleton (D:4)
  An adder (D:2)
  A worm (D:2)
  3 ball pythons (D:1)
  5 bats
  7 goblins
  4 hobgoblins
  A giant gecko (D:1)
  3 giant newts
  6 kobolds
  A quokka (D:2)
  7 rats
41 creatures vanquished.

Notes
Turn   | Place    | Note
--------------------------------------------------------------
     0 | D:1      | gw the High Elf Skald began the quest for the Orb.
     0 | D:1      | Reached XP level 1. HP: 14/14 MP: 4/4
   375 | D:1      | Reached XP level 2. HP: 10/19 MP: 2/6
   525 | D:1      | Learned a level 2 spell: Shroud of Golubria
   528 | D:1      | Learned a level 2 spell: Song of Slaying
  1536 | D:1      | Reached XP level 3. HP: 21/24 MP: 2/8
  1591 | D:1      | Learned a level 3 spell: Spectral Weapon
  1942 | D:2      | Found a faded altar to an unknown god.
  2118 | D:2      | You fall through a shaft for 2 floors!
  2126 | D:4      | Reached XP level 4. HP: 25/30 MP: 0/10
  2221 | D:4      | Found a staircase to the Ecumenical Temple.
  2308 | D:4      | Slain by a gnoll

Action                   |  1- 3 |  4- 6 || total
-------------------------+-------+-------++-------
Melee: Falchion          |    86 |    19 ||   105
 Cast: Infusion          |    24 |     2 ||    26
       Shroud of Golubri |    21 |     1 ||    22
       Spectral Weapon   |       |     2 ||     2
       Song of Slaying   |       |     1 ||     1
  Use: Scroll            |     6 |       ||     6
       Potion            |     2 |       ||     2
  Eat: Chunk             |     5 |       ||     5

Vault maps used:
D:1:      tarquinn_simple_flora_water_d, serial_forest,
          infiniplex_forest_clump_small, infiniplex_forest_straight_1,
          infiniplex_forest_lined_room_2, infiniplex_forest_fountain
D:2:      ecumenical_altar_1
D:4:      minmay_temple_entry_from_below_a, serial_shops, shop, first_bread
